 Dungeon Crawl Stone Soup version 0.31.0-11-ge490571c62 (webtiles) character file.

Game seed: 10450279536047392622

148 qw the Skirmisher (level 5, -1/29 HPs)
             Began as a Deep Elf Hunter on Feb 4, 2024.
             Killed from afar by an orc wizard (5 damage)
             ... with a magic dart
             ... on level 3 of the Dungeon.
             The game lasted 00:00:08 (1234 turns).

qw the Skirmisher (Deep Elf Hunter)                 Turns: 1234, Time: 00:00:09

Health: -1/29      AC: 11    Str: 10    XL:     5   Next: 8%
Magic:  7/7        EV:  9    Int: 14    God:
Gold:   81         SH:  0    Dex: 18    Spells: 4/4 levels left

rFire   . . .        a - +1 shortbow
rCold   + . .        (shield currently unavailable)
rNeg    . . .        j - +2 scale mail {rC+}
rPois   .            e - +1 helmet
rElec   .            (no cloak)
rCorr   .            (no gloves)
SInv    .            d - +0 pair of boots
Will    .....        (no amulet)
Stlth   +            (no ring)
HPRegen 0.24/turn    (no ring)
MPRegen 0.10/turn

%: no passive effects
@: no status effects
A: no striking features
a: no special abilities


You were on level 3 of the Dungeon.
You visited 1 branch of the dungeon, and saw 3 of its levels.

You collected 81 gold pieces.


   Skills:
 - Level 1.5 Fighting
 + Level 8.0 Ranged Weapons
 - Level 1.4 Armour
 - Level 2.4 Dodging
 - Level 1.2 Stealth


You had 4 spell levels left.
You didn't know any spells.
Your spell library was empty.

Inventory:

Hand Weapons
 a - a +1 shortbow (weapon)
Armour
 d - a +0 pair of boots (worn)
 e - a +1 helmet (worn)
 j - a +2 scale mail of cold resistance (worn)
Scrolls
 f - a scroll of identify
 g - 2 scrolls of teleportation {unknown}
 h - a scroll of immolation {unknown}
Potions
 b - a potion of degeneration {unknown}
 c - a potion of ambrosia {unknown}

Dungeon Overview and Level Annotations

Branches:
Dungeon (3/15)

Altars:


Message History

The orc hits you but does no damage.
You shoot an arrow.
The arrow hits the orc but does no damage.
The orc hits you with a +0 whip.
A magic dart appears from out of thin air!
The magic dart hits you.
You shoot an arrow.
The arrow hits the orc but does no damage.
The orc hits you but does no damage.
You shoot an arrow. The arrow hits the orc priest.
The orc priest is moderately wounded.
The orc priest hits you with a +0 hand axe.
The orc barely misses you. x2; Something hits you but does no damage.
You shoot an arrow. The arrow hits the orc priest!
You kill the orc priest!
The orc hits you with a +0 whip. The orc hits you with a +0 mace.
Something hits you but does no damage. The orc hits you but does no damage.
Something hits you. The orc hits you but does no damage.
Your Armour skill increases to level 1!
You have reached level 5!
You shoot an arrow. The arrow hits the orc.
The orc is severely wounded.
The orc hits you but does no damage. The orc closely misses you.
You hear some strange, mumbled words.
A magic dart appears from out of thin air!
The magic dart hits you.
You shoot an arrow. The arrow hits the orc!
You kill the orc!
The orc hits you but does no damage. Something hits you but does no damage.
You shoot an arrow. The arrow hits the orc!
You kill the orc!
Something hits you but does no damage. x2
You shoot an arrow. Something hits you but does no damage.
You shoot an arrow. Something hits you but does no damage.
You shoot an arrow.
You hear some strange, mumbled words.
A magic dart appears from out of thin air!
The magic dart hits you.
You die...

.#....<.## #
........#......##..# #
.......#...##. ##..##.
......... ......
....... ....#. .....
.....## ...# .....#.
##){##.... .....
##)@).##.... ..#.
##......##...# .. .
#..~~.~..#.... #.#.#
#..~.~...#.... ##.#..
#...~.~..#....##..)..
#..~.~~..#...........
##......##...#...## .
##....####..#.#..###
######%)##.#..#..##....


There were no monsters in sight!

Vanquished Creatures
  An orc priest (D:3)
  6 adders
  A dart slug (D:1)
  A ribbon worm (D:1)
  4 orcs (D:3)
  9 ball pythons
  5 bats
  An endoplasm (D:3)
  2 giant cockroaches
  A goblin (D:1)
  5 hobgoblins
  4 jackals
  3 kobolds
  3 quokkas
  5 frilled lizards
  3 rats
54 creatures vanquished.

Notes
Turn   | Place    | Note
-------+----------+-------------------------------------------
     0 | D:1      | qw the Deep Elf Hunter began the quest for the Orb.
     0 | D:1      | Reached XP level 1. HP: 12/12 MP: 3/3
     0 | D:1      | 0 ||| qw: Version: 0.3-a-160-g6735b56
     0 | D:1      | 0 ||| qw: Game counter: 5985
     0 | D:1      | 0 ||| qw: Melee chars always use a shield: true
     0 | D:1      | 0 ||| qw: God list: Okawaru
     0 | D:1      | 0 ||| qw: Allow faded altars: false
     0 | D:1      | 0 ||| qw: Do Orc after clearing Dungeon:15 true
     0 | D:1      | 0 ||| qw: Do second Lair branch before Depths: true
     0 | D:1      | 0 ||| qw: Lair rune preference: random
     0 | D:1      | 0 ||| qw: Goals: Normal
     0 | D:1      | 0 ||| PLANNING D:1-11
    74 | D:1      | Reached skill level 6 in Ranged Weapons
    74 | D:1      | Reached XP level 2. HP: 16/16 MP: 4/4
   364 | D:1      | 364 ||| UPGRADING to +2 scale mail of cold resistance.
   374 | D:1      | 374 ||| DROPPING +0 leather armour.
   375 | D:1      | 375 ||| DROPPING amulet of magic regeneration.
   376 | D:1      | 376 ||| READING 3 scrolls labelled OCOIJO CUGI.
   376 | D:1      | 376 ||| IDENTIFYING sapphire potion
   377 | D:1      | 377 ||| READING 2 scrolls of identify.
   377 | D:1      | 377 ||| IDENTIFYING 2 white potions
   378 | D:1      | 378 ||| READING scroll of identify.
   378 | D:1      | 378 ||| IDENTIFYING scroll labelled VELLORADEF
   379 | D:1      | 379 ||| READING scroll labelled ZYUGRO ITHRE.
   380 | D:1      | 380 ||| READING scroll labelled WUAJAR ZESUSUU.
   381 | D:1      | 381 ||| DROPPING scroll of butterflies.
   382 | D:1      | 382 ||| DROPPING 2 potions of brilliance.
   383 | D:1      | 383 ||| DROPPING scroll of summoning.
   384 | D:1      | HP: 4/16 [poisoned by you (poison gas)]
   385 | D:1      | 385 ||| Stepping ~*~*~tactically~*~*~ (cloud).
   385 | D:1      | HP: 1/16 [poisoned by you (poison gas)]
   386 | D:1      | 386 ||| DRINKING potion of curing.
   386 | D:1      | 386 ||| (to cure poison)
   483 | D:2      | Reached XP level 3. HP: 14/20 MP: 5/5
   542 | D:2      | Reached skill level 7 in Ranged Weapons
   713 | D:2      | Reached XP level 4. HP: 25/25 MP: 6/6
  1063 | D:2      | 1063 ||| UPGRADING to +0 pair of boots.
  1068 | D:2      | 1068 ||| UPGRADING to +0 helmet.
  1073 | D:2      | 1073 ||| READING scroll labelled WAZUCA XOMOFFEC.
  1073 | D:2      | 1073 ||| ENCHANTING +0 helmet.
  1074 | D:2      | 1074 ||| READING scroll labelled VOUD QEUPEPUBB.
  1074 | D:2      | 1074 ||| ENCHANTING +0 shortbow.
  1152 | D:3      | Reached skill level 8 in Ranged Weapons
  1229 | D:3      | Reached skill level 1 in Armour
  1229 | D:3      | Reached XP level 5. HP: 8/29 MP: 7/7
  1229 | D:3      | HP: 3/29 [something/magic dart (6)]
  1234 | D:3      | Killed from afar by an orc wizard

Levels and vault maps discovered:
D:1:      roderic_crossed_star, layout_rooms, solitary_fountain,
          minmay_misc_feat_four_crosses, nicolae_wormholes
D:2:      layout_loops_ring
D:3:      layout_rooms, kennysheep_generic_room_3, uniq_grinder, uniq_natasha

Skill      XL: |  1  2  3  4 |
---------------+-------------+-----
Ranged Weapons | 6 7 8 |  8.0
Armour         | 1 |  1.4
Fighting       | |  1.5
Dodging        | |  2.4
Stealth        | |  1.2

Action                     |  1- 3 |  4- 6 || total
---------------------------+-------+-------++-------
   Fire: Shortbow          |   103 |    54 ||   157
    Use: Scroll            |     5 |     2 ||     7
         Potion            |     1 |       ||     1
 Armour: Leather armour    |    13 |       ||    13
         Scale mail        |    23 |    40 ||    63
  Dodge: Dodged            |    52 |    14 ||    66

Table legend:
 A = Non-vault XP
 B = Vault XP
 C = Vault XP percentage of total XP
 D = Non-vault monster count
 E = Vault monster count
 F = Vault count percentage of total count
                 A         B        C        D         E       F
            +---------+---------+-------+---------+---------+-------
      Total |     204 |       8 |   3.8 |      51 |       3 |   5.6
            +---------+---------+-------+---------+---------+-------
        D:1 |      29 |       4 |  12.1 |      16 |       1 |   5.9
        D:2 |      82 |       0 |   0.0 |      20 |       0 |   0.0
        D:3 |      93 |       4 |   4.1 |      15 |       2 |  11.8
            +---------+---------+-------+---------+---------+-------
